 Dungeon Crawl Stone Soup version 0.31-a0-237-g2d982f9f85 (webtiles) character file.

Game seed: 551001691453579958

40 qw the Shooter (level 3, -2/21 HPs)
             Began as a Gargoyle Hexslinger on July 10, 2023.
             Slain by an orc
             ... wielding a +0 hand axe
              (4 damage)
             ... on level 3 of the Dungeon.
             The game lasted 00:00:28 (1940 turns).

qw the Shooter (Gargoyle Hexslinger)                Turns: 1940, Time: 00:00:28

Health: -2/21      AC:  9    Str: 10 (11) XL:     3   Next: 50%
Magic:  4/4        EV: 10    Int: 11 (13) God:
Gold:   113        SH:  0    Dex: 13 (14) Spells: 3/4 levels left

rFire   . . .        Y - +1 sling
rCold   . . .        (no shield)
rNeg    + . .        g - +0 ring mail
rPois   inf          (no helmet)
rElec   +            (no cloak)
rCorr   .            (no gloves)
SInv    .            e - +0 pair of boots
Will    .....        (no amulet)
Stlth   +            (no ring)
HPRegen 0.23/turn    (no ring)
MPRegen 0.09/turn

%: no passive effects
@: no status effects
A: sickness immunity, AC +3, negative energy resistance 1, electricity
resistance, torment resistance 1, petrification resistance
a: no special abilities


You were on level 3 of the Dungeon.
You visited 1 branch of the dungeon, and saw 3 of its levels.

You collected 113 gold pieces.


Innate Abilities, Weirdness & Mutations

You are immune to sickness and miasma.
Your stone body is resilient. (AC +3)
You are immune to poison.
You resist negative energy. (rN+)
You are resistant to electric shocks. (rElec)
You are resistant to unholy torment.
You are immune to petrification.


   Skills:
 - Level 2.0 Fighting
 + Level 3.2 Ranged Weapons
 - Level 1.0 Armour
 - Level 1.5 Dodging
 - Level 1.0 Spellcasting
 - Level 2.6 Hexes


You had 3 spell levels left.
You knew the following spells:

 Your Spells              Type           Power      Damage    Failure   Level
a - Slow                  Hex            24%        N/A       26%         1

Your spell library contained the following spells:

 Spells                   Type           Power      Damage    Failure   Level
 Inner Flame              Hex/Fire       3%         N/A       80%         3
 Portal Projectile        Hex/Tloc       6%         N/A       80%         3
 Cause Fear               Hex            3%         N/A       95%         4

Inventory:

Hand Weapons
 Y - a +1 sling (weapon)
Armour
 e - a +0 pair of boots (worn)
 g - a +0 ring mail (worn)
Scrolls
 b - a scroll of identify
Potions
 a - a potion of enlightenment {unknown}
 j - a potion of brilliance {unknown}
 k - a potion of curing {unknown}

Dungeon Overview and Level Annotations

Branches:
Dungeon (3/15)

Altars:


Message History

The kobold barely misses you.
You shoot a sling bullet. The kobold shouts!
The sling bullet hits the kobold.
You kill the kobold!
You shoot a sling bullet. The sling bullet hits the orc!
You kill the orc!
You shoot a sling bullet.
The sling bullet closely misses the orc wizard.
An adder skeleton comes into view.
The orc wizard casts a spell at you.
The magic dart hits you but does no damage.
The orc hits you with a +0 flail.
You shoot a sling bullet.
The sling bullet hits the orc wizard but does no damage.
A hound zombie comes into view.
The orc wizard closely misses you. The orc hits you with a +0 flail.
The kobold hits you but does no damage.
A centaur zombie comes into view.
You shoot a sling bullet. The sling bullet hits the orc wizard!
The orc wizard is heavily wounded.
The orc wizard hits you but does no damage.
The orc barely misses you. The kobold hits you with a +0 whip.
The orc wizard misses you.
You shoot a sling bullet.
The sling bullet closely misses the orc wizard.
The sling bullet completely misses the orc.
The orc hits you but does no damage. The kobold closely misses you.
An endoplasm comes into view.
The orc wizard hits you with a +0 dagger.
The kobold barely misses you. The orc barely misses you.
The endoplasm moves out of view.
You shoot a sling bullet.
The sling bullet barely misses the orc wizard.
The adder skeleton closely misses you. The orc barely misses you.
The orc wizard hits you with a +0 dagger.
The orc hits you with a +0 flail. The kobold closely misses you.
The adder skeleton bites you but does no damage.
The orc hits you with a +0 hand axe.
You die...

###.#.......#..#
..%..........
###....#..#.####
........<.......
......##........
.............##.
.........#Z#.#
####.....KZ# #
#####@Z##
....(.ooo.#
......~~.....
.....~~~..#....
....~.~~~..+#+#
.....~~~~...
.............
.....#.#.#....


You could see an orc wizard, 2 orcs, a hound zombie, a centaur zombie, a kobold
and an adder skeleton.

Vanquished Creatures
  An adder skeleton (D:3)
  A dart slug (D:1)
  An orc (D:3)
  2 endoplasms
  A giant cockroach (D:1)
  3 goblins
  3 hobgoblins
  2 kobolds
  3 quokkas (D:1)
  4 ball pythons
  2 bats
  6 frilled lizards
  A quokka skeleton (D:3)
  4 rats
34 creatures vanquished.

Notes
Turn   | Place    | Note
-------+----------+-------------------------------------------
     0 | D:1      | qw the Gargoyle Hexslinger began the quest for the Orb.
     0 | D:1      | Reached XP level 1. HP: 12/12 MP: 2/2
     0 | D:1      | 0 ||| qw: Version: 0.3-a-52-g30416fa
     0 | D:1      | 0 ||| qw: Game counter: 5192
     0 | D:1      | 0 ||| qw: Melee chars always use a shield: true
     0 | D:1      | 0 ||| qw: God list: Okawaru
     0 | D:1      | 0 ||| qw: Allow faded altars: false
     0 | D:1      | 0 ||| qw: Do Orc after clearing Dungeon:15 true
     0 | D:1      | 0 ||| qw: Do second Lair branch before Depths: true
     0 | D:1      | 0 ||| qw: Lair rune preference: random
     0 | D:1      | 0 ||| qw: Goals: Normal
     0 | D:1      | 0 ||| PLANNING D:1-11
   182 | D:1      | Reached XP level 2. HP: 8/16 MP: 3/3
   510 | D:1      | Reached skill level 3 in Ranged Weapons
   975 | D:1      | 975 ||| UPGRADING to +0 pair of boots.
   980 | D:1      | 980 ||| UPGRADING to +0 ring mail.
   990 | D:1      | 990 ||| DROPPING +0 robe.
   991 | D:1      | 991 ||| READING scroll labelled LOXKEOR GOOXTO.
   992 | D:1      | 992 ||| READING scroll labelled LONEOKK XOBOI.
   993 | D:1      | 993 ||| READING scroll labelled SEJORY JANWAD.
   994 | D:1      | 994 ||| DRINKING 2 red potions.
   995 | D:1      | 995 ||| DROPPING scroll of poison.
   996 | D:1      | 996 ||| DROPPING potion of degeneration.
  1126 | D:2      | Reached XP level 3. HP: 21/21 MP: 4/4
  1185 | D:2      | Identified the +7 dagger of Rogunym {venom, *Noise Int+5}
  1893 | D:2      | 1893 ||| READING scroll labelled UMEPIM LALLIKK.
  1920 | D:3      | Reached skill level 1 in Armour
  1940 | D:3      | HP: 2/21 [orc/+0 flail (6)]
  1940 | D:3      | Slain by an orc

Levels and vault maps discovered:
D:1:      nicolae_arrival_somewhat_less_tricky_arrival, layout_basic,
          serial_rivers, chequers_serial_rivers_room_b,
          chequers_serial_rivers_small_b, chequers_serial_rivers_small_a,
          chequers_serial_rivers_small_a, chequers_serial_rivers_large_b
D:2:      layout_basic
D:3:      layout_basic, serial_undead, serial_undead_b, serial_undead_b,
          serial_undead_f, serial_undead_a, gammafunk_ghost_cemetery,
          shapermc_ecumenical_altar_pompeii, kennysheep_generic_room_8

Skill      XL: |  1  2  3 |
---------------+----------+-----
Ranged Weapons | 3 |  3.2
Fighting       | 2 |  2.0
Armour         | 1 |  1.0
Dodging        | |  1.5
Spellcasting   | |  1.0
Hexes          | |  2.6

Action                     || total
---------------------------++-------
   Fire: Sling             ||    89
    Use: Scroll            ||     4
         Potion            ||     1
 Armour: Robe              ||     4
         Ring mail         ||    18
  Dodge: Dodged            ||    21

Table legend:
 A = Non-vault XP
 B = Vault XP
 C = Vault XP percentage of total XP
 D = Non-vault monster count
 E = Vault monster count
 F = Vault count percentage of total count
                 A         B        C        D         E       F
            +---------+---------+-------+---------+---------+-------
      Total |      52 |       6 |  10.3 |      32 |       2 |   5.9
            +---------+---------+-------+---------+---------+-------
        D:1 |      31 |       0 |   0.0 |      18 |       0 |   0.0
        D:2 |      15 |       0 |   0.0 |      11 |       0 |   0.0
        D:3 |       6 |       6 |  50.0 |       3 |       2 |  40.0
            +---------+---------+-------+---------+---------+-------
